← All builds
Air / Cortex / Economy first / OBSERVED BUILD

Standard air

The usual Cortex air game: Aircraft Plant just after the start, Advanced Metal Extractor around 7 minutes and Fusion Reactor around 11 minutes, making transports and fighters for the team while scaling economy normally.

Usually transports first (72%)

#eco #team support #air · 547 distinct matches · 115 players · 79% of Cortex Air games · team won 47% of 615 · Recently observed

HOW TO PLAY IT

Key timing: Aircraft Plant by 1:23

  1. Take 3 mex and open straight into Aircraft Plant.
  2. Finish Aircraft Plant, start pumping Valiant for escort duty.
  3. Get T2 constructor going to scale eco alongside air production.
  4. Add Advanced Metal Extractor to keep pace with team's economy.
  5. Bring Fusion Reactor online, keep making Hercules and Finch for allies.

Phase by phase

TYPICAL OF ITS 547 GAMES
  1. 1
  2. 2
  3. 3
PLAY THE OPENING

Follow the example game's first 6:00 step by step: what to build now, what comes next, and where it goes. At 1× it keeps pace with your own game.

  1. 1

    Up to the Aircraft Plant

    Economy
    • Metal Extractor3Mex
    • Wind Turbine4Wind
    Order
    1. Aircraft PlantAircraft Plant after 3 mex, 4 winddone ~1:22, middle half 1:13–1:35

    Some games also: energy storage (38%)

    By 1:03 in all: 3 mex · 4 wind

    The example game in this phase · 3 steps
    1. Mex ×3
    2. Wind ×3
    3. Aircraft PlantAircraft Plantdone 1:11 · typical 1:22
  2. 2

    Aircraft Plant to 5:00

    Economy
    • Metal Extractor1Mex
    • Wind Turbine9Wind
    • Wind Turbine3Wind
    Builders
    • Construction Turret2 Con turret
    • Construction Aircraft1 Con aircraft
    Army
    • Valiant5 Valiant
    • Finch2 Finch for allies
    • Hercules2 Light transport for allies
    • Hephaestus1 Heavy transport for allies
    • Shuriken1 Shuriken

    Some games also: energy storage (45%) · light transport (44%) · converter (39%) · con turret (33%)

    By 5:00 in all: 3 mex · 1 mex · 13 wind · 3 wind · 1 energy storage · 2 con turret

    The example game in this phase · 26 steps
    1. FinchFinch
    2. FinchFinchfor Geo sea
    3. HerculesLight transportfor Geo sea
    4. FinchFinchfor Beach sea
    5. Wind ×2
    6. HephaestusHeavy transportfor Beach sea
    7. Wind
    8. ValiantValiant
    9. Construction AircraftCon aircraft
    10. FinchFinch
    11. Con turret
    12. ValiantValiant
    13. Construction AircraftCon aircraft
    14. Wind
    15. Mex
    16. ValiantValiant
    17. Wind
    18. ValiantValiant
    19. Wind
    20. FinchFinch
    21. Wind
    22. ValiantValiant
    23. Wind
    24. ValiantValiant
    25. HerculesLight transportfor Tech
    26. Wind
  3. 3

    5:00 to 10:00

    Economy
    • Wind Turbine20Wind
    • Wind Turbine5Wind
    • Energy Converter6Converter
    Order
    1. Aircraft PlantAircraft Plant after 18 wind, 17 wind, 6 converterin 58% of games
    Builders
    • Construction Turret4 Con turret
    Army
    • Valiant9 Valiant
    • Shuriken1 Shuriken

    Some games also: con aircraft (36%) · fusion (33%) · light transport (31%)

    By 10:00 in all: 3 mex · 1 mex · 24 wind · 20 wind · 8 converter · 1 energy storage

    The example game in this phase · 98 steps
    1. FinchFinch
    2. Wind
    3. Construction AircraftCon aircraft
    4. Wind
    5. Construction AircraftCon aircraft
    6. Con turret
    7. ValiantValiant
    8. Wind
    9. ValiantValiant ×2
    10. Wind
    11. ValiantValiant ×2
    12. Wind
    13. ValiantValiant
    14. FinchFinch
    15. ValiantValiant
    16. Wind
    17. ValiantValiant
    18. Con turret
    19. Wind
    20. FinchFinch
    21. ValiantValiantfor Geo
    22. Wind
    23. ValiantValiantfor Geo
    24. Wind
    25. ValiantValiant ×2for Geo
    26. Wind
    27. Wind
    28. ValiantValiantfor Geo
    29. Wind
    30. FinchFinchfor Geo
    31. Wind
    32. Advanced Metal ExtractorT2 mexdone 9:03 · typical 6:50
    33. ValiantValiantfor Geo
    34. Wind
    35. Con turret
    36. Wind
    37. HephaestusHeavy transportfor Suicide front
    38. Wind ×5
    39. Con turret
    40. Advanced Metal ExtractorT2 mex
    41. Wind
    42. FinchFinch
    43. HephaestusHeavy transport
    44. Wind
    45. Con turret
    46. Wind
    47. Advanced Metal ExtractorT2 mex
    48. Wind ×2
    49. FinchFinch
    50. Advanced Metal ExtractorT2 mex
    51. ShurikenShuriken
    52. Wind ×2
    53. ShurikenShuriken
    54. Wind
    55. ShurikenShuriken ×7
    56. Wind
    57. ShurikenShuriken
    58. FinchFinch
    59. ValiantValiant ×2
    60. Wind
    61. ValiantValiant ×3
    62. Wind
    63. HerculesLight transport
    64. ValiantValiant
    65. ShurikenShuriken ×5
    66. ValiantValiant ×2
    67. Wind
    68. ValiantValiant ×3
    69. Wind
    70. ValiantValiant ×4
    71. Wind
    72. ValiantValiant
    73. FinchFinch
    74. ValiantValiant ×2
    75. Wind
    76. ValiantValiant ×3
    77. Wind
    78. Con turret
    79. ValiantValiant
    80. Con turret
    81. Wind
    82. ValiantValiant ×2
    83. Wind
    84. Fusion ReactorFusiondone 14:19 · typical 10:56
    85. Wind ×9
    86. T2 converter
    87. Wind
    88. FinchFinch
    89. Wind
    90. ValiantValiant
    91. Wind ×2
    92. ValiantValiant
    93. Con turret
    94. Wind
    95. Con turret
    96. ValiantValiant
    97. Wind
    98. Con turret

Counts are medians over the build's games: half of them build more, half fewer. The example game is NFX_Scurvy's (37 OS, 28/09/2026); pick another.

Team trades

IN AT LEAST 30% OF ITS GAMES

You hand over

  • Finch2 Finch to Geo sea or Beach seafirst at 1:51 · in 96% of games
  • Hercules3 Light transport to Tech or Geo sea or Geofirst at 2:06 · in 99% of games
  • Hephaestus1 Heavy transport to Beach sea or Pond or Techfirst at 2:25 · in 75% of games

You get

  • Wind Turbine3 Wind from Beach sea or Geo seafirst at 1:40 · in 65% of games
  • Wind Turbine3 Wind from Beach sea or Geo sea or Pondfirst at 1:44 · in 48% of games
  • Construction Bot1 Con bot from Techfirst at 2:20 · in 84% of games
  • Advanced Construction Bot1 T2 con bot from Techfirst at 6:03 · in 94% of games

How it plays out

Typical game of this build, running totals by minute

Metal produced

010k20k30k
0:005:0010:0015:00

metal

Enemy metal destroyed

01k2k3k
0:005:0010:0015:00

metal

Own metal lost

01k2k3k
0:005:0010:0015:00

metal

615 games.

Show as table
ByMetal produced: This buildEnemy metal destroyed: This buildOwn metal lost: This build
1:0039300
2:0092500
3:00145800
4:002052051
5:00276573109
6:003755125167
7:005136190219
8:007019220290
9:009335250341
10:0011795327471
11:0014399439641
12:0017100619962
13:00199489301269
14:002264113951807
15:002553020492701
WHAT THE NUMBERS SAY

This is the role's standard support job, winning less than half its games while producing little combat impact but reliably feeding transports and scouts to teammates.

  • + Reaches Aircraft Plant almost immediately (1:23), fast T2 constructor by 5:58.
  • + Keeps own losses low (2789 by 15:00) versus other roles.
  • − Destroys only 2027 enemy metal by 15:00, minimal combat contribution.
  • − Fusion Reactor only completes in 57% of games, some games stall on eco.
THE EXAMPLE YOU ARE READING

NFX_Scurvy

37.4 OS · 28/09/2026

Open source match ↗

4 received units · includes a constructor
108 metal received · 13856 energy received

Allied construction assistance is unknown. Timings are observations, not a promise of solo reproducibility.

Typical milestones

Aircraft Plant1:22Middle 50%: 1:13–1:35 · n=615
Advanced Metal Extractor6:50Middle 50%: 6:21–7:26 · n=590
Fusion Reactor10:56Middle 50%: 10:03–12:14 · n=375

Played most by

DRM36games of this buildAdeus33games of this buildCentientWaffle32games of this buildNutzz28games of this buildImmort26games of this build